 Dungeon Crawl Stone Soup version 0.32-a0-314-g526f7d4993 (webtiles) character file.

Game seed: 5088881630227417637

59 Aldia the Chopper (level 4, 38/38 HPs)
             Began as a Gnoll Reaver on Feb 15, 2024.
             Quit the game on level 1 of the Dungeon.
             The game lasted 00:01:28 (871 turns).

Aldia the Chopper (Gnoll Reaver)                     Turns: 871, Time: 00:01:29

Health: 38/38      AC:  4    Str: 12    XL:     4   Next: 3%
Magic:  11/11      EV: 12    Int: 14    God:
Gold:   59         SH:  0    Dex: 10    Spells: 12/13 levels left

rFire   . . .        a - +0 hand axe
rCold   . . .        (no shield)
rNeg    . . .        b - +0 leather armour
rPois   .            (no helmet)
rElec   .            (no cloak)
rCorr   .            k - +0 pair of gloves
SInv    .            (no boots)
Will    .....        (no amulet)
Stlth   +            (no ring)
HPRegen 0.26/turn    (no ring)
MPRegen 0.12/turn

%: no passive effects
@: no status effects
A: fangs 1, strong nose, distributed training
a: no special abilities


You were on level 1 of the Dungeon.
You visited 1 branch of the dungeon, and saw 1 of its levels.

You collected 59 gold pieces.

Inventory:

Hand Weapons
 a - a +0 hand axe (weapon)
Armour
 b - a +0 leather armour (worn)
 k - a +0 pair of gloves (worn)
Magical Staves
 j - a staff of earth
Scrolls
 c - a scroll of enchant armour {unknown}
 e - a scroll of fear {unknown}
 f - a scroll of enchant weapon {unknown}
 i - a scroll of blinking {unknown}
Potions
 d - a potion of brilliance {unknown}
 g - a potion of heal wounds {unknown}
 h - a potion of cancellation {unknown}


   Skills:
 + Level 4.6 Fighting
 + Level 1.0 Short Blades
 + Level 1.0 Long Blades
 + Level 6.6 Axes
 + Level 1.0 Maces & Flails
 + Level 1.0 Polearms
 + Level 1.0 Staves
 + Level 1.0 Ranged Weapons
 + Level 1.0 Throwing
 + Level 1.0 Armour
 + Level 4.6 Dodging
 + Level 1.0 Stealth
 + Level 1.0 Shields
 + Level 1.0 Unarmed Combat
 + Level 5.0 Spellcasting
 + Level 5.4 Conjurations
 + Level 0.8 Hexes
 + Level 0.8 Summonings
 + Level 0.8 Necromancy
 + Level 0.8 Translocations
 + Level 0.8 Fire Magic
 + Level 0.8 Ice Magic
 + Level 0.8 Air Magic
 + Level 0.8 Earth Magic
 + Level 0.8 Alchemy
 + Level 1.1 Invocations
 + Level 1.0 Evocations
 + Level 1.0 Shapeshifting


You had 12 spell levels left.
You knew the following spells:

 Your Spells              Type           Power      Damage    Failure   Level
a - Kiss of Death         Conj/Necr      48%        2d9       6%          1

Your spell library contained the following spells:

 Spells                   Type           Power      Damage    Failure   Level
 Momentum Strike          Conj/Tloc      24%        3d8       10%         2
 Hailstorm                Conj/Ice       12%        3d6       19%         3


Dungeon Overview and Level Annotations

Branches:
Dungeon (1/15)

Altars:


Innate Abilities, Weirdness & Mutations

You have very sharp teeth.
Your uncanny sense of smell can sniff out nearby items.
Your experience applies equally to all skills.


Message History

You see here a quokka corpse.
Found 7 stones.
No target in view!
A bat is nearby!
The bat barely misses you.
A bat is nearby!
You miss the bat. The bat closely misses you.
A bat is nearby!
You hit the bat.
You kill the bat!
Found a stone staircase leading down.
No target in view!
Found a pair of gloves.
No target in view!
i - a scroll labelled VUFRAN LOATE No target in view!
You now have 47 gold pieces (gained 11).
You now have 59 gold pieces (gained 12).
You see here a ball python skeleton.
Partly explored, can't reach some places.
No target in view!
Partly explored, can't reach some places.
No target in view!
Partly explored, can't reach some places.
No target in view!
Partly explored, can't reach some places.
No target in view!
Partly explored, can't reach some places.
Search for what [? for help]? @ You see here a staff of earth.
j - a staff of earth Search for what [Enter for "@", or ? for help]? @ You see here a +0 pair of gloves.
k - a +0 pair of gloves You start putting on your armour.
You continue putting on your +0 pair of gloves. x4
You finish putting on your +0 pair of gloves.
Search for what [Enter for "@", or ? for help]? armor
There is a stone staircase leading down here.
Are you sure you want to abandon this character and quit the game? (Confirm with "yes".)

ß...ß...ß.÷..#.......###.#.###
..#.............##.###.......#
######....#######..# #..#.##.#
##†..# ####.####..#.##.#
##.### #.......#..#..#.#
##...## #.......#..##.#.#
##.....## #.......#..##.#.#
##.......###.......#.......#
#......†..##..@....#####.###
##.......###.......##.##.#
##.....#..........#.#.#.#
##....#.#####.###.#....#
#....(..####.# ##...###
#.......#....# ##.##
#.......#.#..# #.#
#............#####.#
#.......#.#........#


There were no monsters in sight!

Vanquished Creatures
  5 ball pythons (D:1)
  5 bats (D:1)
  2 endoplasms (D:1)
  2 giant cockroaches (D:1)
  2 goblins (D:1)
  3 hobgoblins (D:1)
  2 kobolds (D:1)
  2 quokkas (D:1)
  4 frilled lizards (D:1)
  7 rats (D:1)
34 creatures vanquished.

Notes
Turn   | Place    | Note
-------+----------+-------------------------------------------
     0 | D:1      | Aldia the Gnoll Reaver began the quest for the Orb.
     0 | D:1      | Reached XP level 1. HP: 20/20 MP: 6/6
    41 | D:1      | Reached XP level 2. HP: 26/26 MP: 7/7
   236 | D:1      | Reached skill level 5 in Spellcasting
   236 | D:1      | Reached XP level 3. HP: 31/31 MP: 7/9
   319 | D:1      | Reached skill level 1 in Invocations
   372 | D:1      | Reached skill level 1 in Short Blades
   372 | D:1      | Reached skill level 1 in Long Blades
   372 | D:1      | Reached skill level 1 in Maces & Flails
   372 | D:1      | Reached skill level 1 in Polearms
   372 | D:1      | Reached skill level 1 in Staves
   372 | D:1      | Reached skill level 1 in Ranged Weapons
   372 | D:1      | Reached skill level 1 in Throwing
   372 | D:1      | Reached skill level 1 in Armour
   372 | D:1      | Reached skill level 1 in Stealth
   372 | D:1      | Reached skill level 1 in Shields
   372 | D:1      | Reached skill level 1 in Unarmed Combat
   372 | D:1      | Reached skill level 1 in Evocations
   678 | D:1      | Reached skill level 1 in Shapeshifting
   678 | D:1      | Reached XP level 4. HP: 38/38 MP: 11/11
   871 | D:1      | Quit the game

Illustrated notes

Levels and vault maps discovered:
D:1:      roadster_arrival_rocket_large, layout_loops_cross,
          minmay_misc_feat_four_crosses, minmay_vboxes

Skill      XL: |  1  2  3 |
---------------+----------+-----
Spellcasting   | 5 |  5.0
Invocations    | 1 |  1.1
Short Blades   | 1 |  1.0
Long Blades    | 1 |  1.0
Maces & Flails | 1 |  1.0
Polearms       | 1 |  1.0
Staves         | 1 |  1.0
Ranged Weapons | 1 |  1.0
Throwing       | 1 |  1.0
Armour         | 1 |  1.0
Stealth        | 1 |  1.0
Shields        | 1 |  1.0
Unarmed Combat | 1 |  1.0
Evocations     | 1 |  1.0
Shapeshifting  | 1 |  1.0
Fighting       | |  4.6
Axes           | |  6.6
Dodging        | |  4.6
Conjurations   | |  5.4
Hexes          | |  0.8
Summonings     | |  0.8
Necromancy     | |  0.8
Translocations | |  0.8
Fire Magic     | |  0.8
Ice Magic      | |  0.8
Air Magic      | |  0.8
Earth Magic    | |  0.8
Alchemy        | |  0.8

Action                     |  1- 3 |  4- 6 || total
---------------------------+-------+-------++-------
  Melee: Hand axe          |   107 |     2 ||   109
         Bite              |     4 |       ||     4
   Stab: Sleeping          |     1 |       ||     1
 Armour: Leather armour    |    57 |       ||    57
  Dodge: Dodged            |    84 |     2 ||    86

Table legend: (Time is in decaauts)
 A = Elapsed time spent in this place.
 B = Non-inter-level travel time spent in this place.
 C = Inter-level travel time spent in this place.
 D = Time resting spent in this place.
 E = Time spent auto-exploring this place.
 F = Levels seen in this place.
 G = Mean time per level.
                   A        B        C        D        E       F      G
               +--------+--------+--------+--------+--------+-----+--------+
         Total |    868 |    788 |     80 |      0 |    586 |   1 |  868.0 |
       Dungeon |    868 |    788 |     80 |      0 |    586 |   1 |  868.0 |
               +--------+--------+--------+--------+--------+-----+--------+

Top non-repeatable levels by time:
     D:1: 868 daAuts
